 Dungeon Crawl Stone Soup version 0.20-a0-1127-g1289703 (webtiles) character file.

43 MydosGodOfBeginnings the Twirler (level 3, -2/33 HPs)
             Began as an Ogre Wanderer on May 18, 2017.
             Slain by a worm (10 damage)
             ... on level 2 of the Dungeon.
             The game lasted 00:04:00 (1579 turns).

MydosGodOfBeginnings the Twirler (Ogre Wanderer)    Turns: 1579, Time: 00:04:01

Health: -2/33      AC:  3    Str: 16    XL:     3   Next: 58%
Magic:  7/7        EV:  9    Int: 14    God:
Gold:   105        SH:  0    Dex:  8    Spells: 7/7 levels left

rFire    . . .     SeeInvis .   c - +0 quarterstaff
rCold    . . .     Gourm    .   (shield currently unavailable)
rNeg     . . .     Faith    .   e - +0 robe
rPois    .         Spirit   .   (helmet restricted)
rElec    .         Reflect  .   (no cloak)
rCorr    .         Harm     .   (gloves unavailable)
MR       .....                  (boots unavailable)
Stlth    +.........             (no amulet)
Regen    0.2/turn               (no ring)
MPRegen  0.1/turn               (no ring)

@: no status effects
A: unfitting armour, tough skin 1
a: no special abilities


You were on level 2 of the Dungeon.
You were not hungry.

You visited 1 branch of the dungeon, and saw 2 of its levels.

You collected 105 gold pieces.

Inventory:

Hand Weapons
 a - a +2 dagger
 c - a +0 quarterstaff (weapon)
Armour
 e - a +0 robe (worn)
Scrolls
 g - 3 scrolls of identify {unknown}
 h - a scroll of fog {unknown}
 j - 3 scrolls of recharging {unknown}
 l - 3 scrolls of remove curse {unknown}
 n - a scroll of enchant armour {unknown}
Potions
 b - a potion of berserk rage
 i - a potion of cancellation {unknown}
 k - a potion of curing {unknown}
 o - a potion of heal wounds {unknown}
 p - a potion of flight {unknown}
Books
 d - Kikubaaqudgha's Almanac of Unholy Secrets

   Spells                             Type                      Level
   a - Animate Skeleton               Necromancy                   1
   b - Vampiric Draining              Necromancy                   3
Comestibles
 f - a bread ration
 m - a royal jelly


   Skills:
 + Level 1.1 Fighting
 + Level 4.0 Staves
 + Level 1.0 Throwing
 + Level 0.1 Dodging
 - Level 1.4 Stealth
 + Level 2.8 Spellcasting
   Level 1.0 Necromancy
   Level 1.0 Evocations


You had 7 spell levels left.
You didn't know any spells.

Dungeon Overview and Level Annotations

Branches:
Dungeon (2/15)

Altars:


Innate Abilities, Weirdness & Mutations

You are too large for most types of armour.
You have tough skin. (AC +1)


Message History

The worm bites you.
You are too injured to fight recklessly!
You are too injured to fight recklessly!
You are too injured to fight recklessly!
You are too injured to fight recklessly!
You barely miss the worm.
The worm is severely wounded.
The worm bites you.
You barely miss the worm.
The worm is severely wounded.
You hit the worm.
The worm is almost dead.
The worm bites you!
* * * LOW HITPOINT WARNING * * *
You completely miss the worm.
The worm is almost dead.
You hit the worm.
The worm is almost dead.
The worm bites you!
You die...

#.######.######..
########.##
#.....##..
#.........#
#####....(
#.........# ####..
#.........######
#..
#..............#
#..
#.........####....
....
#.................
.....
#......@..#######
####.. #......w..#
#.. ###.##.#### #.
#. #. .. #. ##


You could see a worm.

Vanquished Creatures
  A dart slug (D:1)
  A ball python (D:1)
  3 bats
  2 giant cockroaches (D:1)
  2 goblins (D:1)
  7 hobgoblins
  5 frilled lizards (D:1)
  10 kobolds
  9 rats
40 creatures vanquished.

Vanquished Creatures (others)
  A frilled lizard (D:2)
1 creature vanquished.

Grand Total: 41 creatures vanquished

Notes
Turn   | Place    | Note
-------+----------+-------------------------------------------
     0 | D:1      | MydosGodOfBeginnings the Ogre Wanderer began the quest for the Orb.
     0 | D:1      | MydosGodOfBeginnings set off with: a +2 dagger, a potion of berserk rage, a +0 quarterstaff, Kikubaaqudgha's Almanac of Unholy Secrets, a +0 robe, a bread ration
     0 | D:1      | Reached XP level 1. HP: 16/16 MP: 3/3
     0 | D:1      | Identified Kikubaaqudgha's Almanac of Unholy Secrets
   141 | D:1      | Reached XP level 2. HP: 19/26 MP: 5/5
   718 | D:1      | Reached XP level 3. HP: 22/32 MP: 7/7
  1038 | D:1      | Reached skill level 1 in Fighting
  1361 | D:2      | Reached skill level 4 in Staves
  1579 | D:2      | Slain by a worm

Vault maps used:
D:1:      dpeg_arrival_simpleton_a

Skill      XL: |  1  2  3 |
---------------+----------+-----
Fighting       | 1 |  1.1
Staves         | 4 |  4.0
Throwing       | |  1.0
Dodging        | |  0.1
Stealth        | |  1.4
Spellcasting   | |  2.8
Necromancy     | |  1.0
Evocations     | |  1.0

Action                   || total
-------------------------++-------
Melee: Quarterstaff      ||   142
 Stab: Sleeping          ||     1
       Distracted        ||     1
  Eat: Chunk             ||     2
Armor: Robe              ||    22
Dodge: Dodged            ||    65
